 Dungeon Crawl Stone Soup version 0.20-a0-501-g0de2c2e (webtiles) character file.

318 Amnesiac the Vexing (level 6, 0/41 HPs)
             Began as a Mummy Enchanter on Jan 19, 2017.
             Slain by a phantom (10 damage)
             ... on level 4 of the Dungeon.
             The game lasted 00:10:56 (5193 turns).

Amnesiac the Vexing (Mummy Enchanter)               Turns: 5193, Time: 00:10:57

Health: 0/41       AC:  3    Str: 11    XL:     6   Next: 21%
Magic:  0/11       EV: 12    Int: 16    God:
Gold:   178        SH:  0    Dex: 13    Spells: 2/12 levels left

rFire    x . .     SeeInvis .   a - +1 dagger
rCold    + . .     Gourm    .   b - +1 robe
rNeg     + + +     Faith    .   (no shield)
rPois    ∞         Spirit   .   (no helmet)
rElec    .         Reflect  .   (no cloak)
rCorr    .         Harm     .   (no gloves)
MR       .....                  (no boots)
Stlth    ++........             (no amulet)
Regen    0.2/turn               (no ring)
                                (no ring)

@: very slightly contaminated
A: no food or potions, fire vulnerability, cold resistance 1, negative energy
resistance 3, torment resistance, unbreathing
a: no special abilities


You were on level 4 of the Dungeon.
You were not hungry.

You visited 1 branch of the dungeon, and saw 4 of its levels.
You also visited: Sewer.

You collected 178 gold pieces.

Inventory:

Hand Weapons
 a - a +1 dagger (weapon)
 n - a +0 falchion
Armour
 b - a +1 robe (worn)
 m - a +0 buckler
Wands
 o - a wand of polymorph (17/24)
Scrolls
 d - a scroll of fog
 e - 3 scrolls of teleportation
 f - 2 scrolls of identify
 g - a scroll of noise {unknown}
 h - a scroll of recharging {unknown}
 i - a scroll of magic mapping {unknown}
 k - a scroll of remove curse {unknown}
 l - a scroll of blinking
Books
 c - a book of Maledictions

   Spells                             Type                      Level
   a - Corona                         Hexes                        1
   b - Ensorcelled Hibernation        Hexes/Ice                    2
   c - Confuse                        Hexes                        3
   d - Tukima's Dance                 Hexes                        3
   e - Dazzling Spray                 Conjuration/Hexes            3
 j - a book of Conjurations

   Spells                             Type                      Level
   a - Magic Dart                     Conjuration                  1
   b - Searing Ray                    Conjuration                  2
   c - Dazzling Spray                 Conjuration/Hexes            3
   d - Fulminant Prism                Conjuration/Hexes            4
   e - Iskenderun's Mystic Blast      Conjuration                  4
   f - Iskenderun's Battlesphere      Conjuration/Charms           5


   Skills:
 - Level 4.0 Short Blades
 - Level 1.5 Dodging
 + Level 2.5 Stealth
 - Level 3.5 Spellcasting
 - Level 4.0 Hexes


You had 2 spell levels left.
You knew the following spells:

 Your Spells              Type           Power        Failure   Level  Hunger
a - Corona                Hex            ###....      4%          1    N/A
e - Confuse               Hex            ###.....     12%         3    N/A
f - Magic Dart            Conj           #...         21%         1    N/A
w - Tukima's Dance        Hex            ###.....     12%         3    N/A
z - Ensorcelled Hibernat  Hex/Ice        #.....       14%         2    N/A

Dungeon Overview and Level Annotations

Branches:
Dungeon (4/15)
 Temple: D:4-7

Altars:
Zin

Shops:
D:3 *

Annotations:
D:3 exclusion: sky beast
D:4 exclusion: ogre


Innate Abilities, Weirdness & Mutations

You do not eat or drink.
Your flesh is vulnerable to fire.
You are immune to poison.
Your flesh is cold resistant. (rC+)
You are immune to negative energy. (rN+++)
You are immune to unholy pain and torment.
You can survive without breathing.


Message History

Casting: Magic Dart
Confirm with . or Enter, or press ? or * to list all spells.
Aiming: Magic Dart
Press: ? - help, Shift-Dir - straight line, f/p - phantom
Aim: a phantom (almost destroyed)
You miscast Magic Dart.
You are very lightly contaminated with residual magic.
Your skin tingles.
The phantom blinks!
Casting: Magic Dart
Confirm with . or Enter, or press ? or * to list all spells.
Aiming: Magic Dart
Press: ? - help, Shift-Dir - straight line, f/p - phantom
Aim: a phantom (almost destroyed)
You miscast Magic Dart.
Strange energies run through your body.
Casting: Magic Dart
Confirm with . or Enter, or press ? or * to list all spells.
You don't have enough magic to cast that spell.
The phantom blinks!
The phantom hits you!
You die...

##########
#.......W#
#.######@# #.#
#.#### #†######....#
#####
###.##........#
#...##
##.#.##.###....#
#.....
##....##.###.#.##
#...##
#####............#.#
##.##
!........###.#####.#
#.# #####.#.####.#
#.## #.#


You could see a phantom.

Vanquished Creatures
  A bullfrog (D:4)
  An orc wizard (D:4)
  An iguana (D:4)
  3 worker ants
  An adder (D:3)
  A river rat (D:3)
  5 oozes (Sewer)
  6 worms
  3 leopard geckos
  4 orcs
  4 giant cockroaches
  2 hobgoblins
  8 jackals
  5 ball pythons
  9 bats
  7 frilled lizards
  2 kobolds (D:2)
  A leopard gecko skeleton (D:4)
  2 rats
66 creatures vanquished.

Vanquished Creatures (others)
  An ogre (D:4)
  4 toadstools (D:1)
5 creatures vanquished.

Grand Total: 71 creatures vanquished

Notes
Turn   | Place    | Note
-------+----------+-------------------------------------------
     0 | D:1      | Amnesiac the Mummy Enchanter began the quest for the Orb.
     0 | D:1      | Reached XP level 1. HP: 13/13 MP: 4/4
    17 | D:1      | Reached skill level 1 in Short Blades
   698 | D:1      | Reached XP level 2. HP: 19/19 MP: 3/5
   715 | D:1      | Learned a level 2 spell: Ensorcelled Hibernation
  1070 | D:4      | Reached XP level 3. HP: 15/24 MP: 1/7
  1075 | D:4      | Learned a level 3 spell: Confuse
  1093 | D:3      | Noticed a sky beast
  1289 | D:3      | Found Zin's Purification Station.
  1292 | D:3      | Found a glowing silver altar of Zin.
  1505 | D:3      | Found a glowing drain.
  1560 | Sewer    | Entered a sewer
  1932 | Sewer    | Reached XP level 4. HP: 19/30 MP: 1/9
  3653 | D:4      | Noticed a bullfrog
  3662 | D:4      | Killed a bullfrog
  3662 | D:4      | Reached XP level 5. HP: 26/35 MP: 7/10
  3762 | D:4      | Noticed a phantom
  3926 | D:3      | Learned a level 1 spell: Magic Dart
  4159 | D:3      | Learned a level 3 spell: Tukima's Dance
  4384 | D:4      | Reached XP level 6. HP: 41/41 MP: 11/11
  5193 | D:4      | Slain by a phantom

Vault maps used:
D:1:      ldierk_walled_garden_2
D:2:      roderic_serpentine_path
D:3:      zin_purify, portal_sewer_entry_b, first_bread
Sewer:    sewer_fruit_machine

Skill      XL: |  1  2  3  4  5  6 |
---------------+-------------------+-----
Short Blades   | 1 3 4 |  4.0
Hexes          | 3 4 |  4.0
Spellcasting   | 3 |  3.5
Dodging        | |  1.5
Stealth        | |  2.5

Action                   |  1- 3 |  4- 6 || total
-------------------------+-------+-------++-------
Melee: Dagger            |    72 |   118 ||   190
       Falchion          |    25 |       ||    25
 Cast: Corona            |    10 |       ||    10
       Ensorcelled Hiber |    19 |    25 ||    44
       Confuse           |     5 |    35 ||    40
       Magic Dart        |       |    21 ||    21
  Use: Scroll            |       |     5 ||     5
 Stab: Sleeping          |    12 |    18 ||    30
       Confused          |     1 |     4 ||     5
Armor: Robe              |    33 |    21 ||    54
Dodge: Dodged            |   106 |    97 ||   203
       Rpst.: Falchion   |     3 |       ||     3
